 Dungeon Crawl Stone Soup version 0.26.1-11-gd32895ea62 (webtiles) character file.

Game seed: 17733096244377164677

826 Almogavar the Chopper (level 7, -15/61 HPs)
             Began as a Hill Orc Fighter on July 7, 2021.
             Was a Follower of Okawaru.
             Demolished by an orc warrior
             ... wielding a +0 scimitar
              (20 damage)
             ... on level 8 of the Dungeon.
             The game lasted 00:13:01 (4884 turns).

Almogavar the Chopper (Hill Orc Fighter)            Turns: 4884, Time: 00:13:02

Health: -15/61     AC:  8    Str: 27    XL:     7   Next: 96%
Magic:  7/7        EV:  8    Int:  8    God:    Okawaru [*.....]
Gold:   307        SH: 10    Dex: 10    Spells: 6/6 levels left

rFire    + . .     SeeInvis +   a - +0 war axe
rCold    . . .     Faith    .   c - +0 kite shield
rNeg     . . .     Spirit   .   x - +1 scale mail {rF+}
rPois    .         Reflect  .   (no helmet)
rElec    .         Harm     .   (no cloak)
rCorr    .         Rampage  .   (no gloves)
Will     .....                  (no boots)
Stlth    ..........             k - amulet of magic regeneration
HPRegen  0.20/turn              e - ring of see invisible
MPRegen  0.35/turn              F - +6 ring of strength

@: no status effects
A: no striking features
a: Renounce Religion, Heroism


You were on level 8 of the Dungeon.
You worshipped Okawaru.
Okawaru was aware of your devotion.
You visited 2 branches of the dungeon, and saw 7 of its levels.
You also visited: Sewer.

You collected 307 gold pieces.

Inventory:

Hand Weapons
 a - a +0 war axe (weapon)
 q - a +0 hunting sling
 H - the +6 dagger of Fimbulwinter {flame, rC- MP+9 Int+7, unknown}
   (You found it on level 8 of the Dungeon)

   It has been specially enchanted to burn those struck by it, causing extra
   injury to most foes and up to half again as much damage against particularly
   susceptible opponents.
   It affects your intelligence (+7).
   It makes you vulnerable to cold.
   It affects your magic capacity (+9).
Missiles
 o - 44 bolts
 p - 15 sling bullets
 w - 83 stones (quivered)
Armour
 c - a +0 kite shield (worn)
 j - a +0 chain mail
 t - a cursed -1 chain mail
 x - a +1 scale mail of fire resistance (worn)
Jewellery
 e - a ring of see invisible (left hand)
 k - an amulet of magic regeneration (around neck)
 F - a +6 ring of strength (right hand)
Wands
 r - a wand of random effects (29)
 G - a wand of paralysis (4)
Scrolls
 h - 4 scrolls of blinking
 n - 2 scrolls of teleportation
 y - a scroll of enchant weapon {unknown}
 A - a scroll of magic mapping {unknown}
 B - a scroll of enchant armour {unknown}
 C - a scroll of immolation {unknown}
 D - 2 scrolls of amnesia {unknown}
 E - a scroll of fear {unknown}
Potions
 b - a potion of invisibility {unknown}
 d - 4 potions of might
 f - 5 potions of heal wounds
 g - a potion of flight {unknown}
 i - 2 potions of attraction {unknown}
 l - 4 potions of curing {unknown}
 m - a potion of degeneration {unknown}
 s - 2 potions of mutation {unknown}
 u - 3 potions of brilliance {unknown}
 v - a potion of haste {unknown}
 z - a potion of lignification {unknown}


   Skills:
 + Level 5.5 Fighting
 + Level 7.8 Axes
 + Level 5.3 Armour
 + Level 1.4 Dodging
 + Level 4.8 Shields


You had 6 spell levels left.
You didn't know any spells.
Your spell library was empty.

Dungeon Overview and Level Annotations

Branches:
Dungeon (5/15)             Temple (1/1) D:4           Sewer (visited)

Altars:
Ashenzari
Cheibriados
Dithmenos
Elyvilon
Fedhas
Gozag
Hepliaklqana
Kikubaaqudgha
Makhleb
Nemelex Xobeh
Okawaru
Qazlal
Ru
Trog
Uskayaw
Wu Jian
Xom
Zin
The Shining One


Message History

* * * LOW HITPOINT WARNING * * *
You slash the orc warrior!
The orc warrior is moderately wounded.
The orc warrior hits you with a +0 scimitar!
* * * LOW HITPOINT WARNING * * *
Items here: )) [ ††.
Your shield and scale mail prevent you from hitting the orc warrior.
The orc warrior is moderately wounded.
The orc warrior barely misses you.
You closely miss the orc warrior.
The orc warrior is moderately wounded.
You block the orc warrior's attack.
You hit the orc warrior but do no damage.
The orc warrior is moderately wounded.
The orc warrior hits you with a +0 scimitar.
* * * LOW HITPOINT WARNING * * *
You hit the orc warrior.
The orc warrior is moderately wounded.
The orc warrior hits you with a +0 scimitar!!
You die...

#.. . #.# .# ..####.##
#........ #........
############........
#.........##.........
#.........@oS.......#
#.........##S.......#
#.........##........
#.........#####...#.
##.........# #..##.#
##..........# ###..#..#
#####..##...##### #....#.#
......###..## #####.#....#
....†..##..####..........#


You could see an orc warrior and 2 adders.

Vanquished Creatures
  The ghost of ramireini the Chopper, an amateur HOBe of Trog (D:3)
  An ogre (D:8)
  A bullfrog (D:8)
  A scorpion (D:5)
  An orc priest (D:8)
  2 hounds (D:8)
  A centaur zombie (D:3)
  Natasha (thrice) (D:2)
  An orc wizard (D:8)
  A worker ant (D:4)
  A hound skeleton (D:4)
  4 gnolls (D:4)
  12 adders
  An ufetubus (D:5)
  An adder zombie (D:3)
  2 worms
  5 dart slugs
  10 leopard geckos
  3 orcs
  2 ball pythons (Sewer)
  12 bats
  7 giant cockroaches
  13 goblins
  6 hobgoblins
  14 jackals
  11 frilled lizards
  7 kobolds
  A quokka skeleton (D:4)
  12 rats
137 creatures vanquished.

Notes
Turn   | Place    | Note
-------+----------+-------------------------------------------
     0 | D:1      | Almogavar the Hill Orc Fighter began the quest for the Orb.
     0 | D:1      | Reached XP level 1. HP: 19/19 MP: 1/1
   154 | D:1      | Reached XP level 2. HP: 27/27 MP: 2/2
   187 | D:1      | Reached skill level 3 in Axes
   291 | D:1      | Reached XP level 3. HP: 33/33 MP: 3/3
  1046 | D:2      | Noticed Natasha
  1054 | D:2      | Killed Natasha
  1055 | D:2      | Reached skill level 4 in Axes
  1055 | D:2      | Reached XP level 4. HP: 33/40 MP: 4/4
  1171 | D:2      | Found a shadowy altar of Dithmenos.
  1171 | D:2      | Noticed Natasha
  1179 | D:2      | Killed Natasha
  1420 | D:2      | Reached XP level 5. HP: 47/47 MP: 5/5
  1604 | D:2      | Noticed Natasha
  1613 | D:2      | Killed Natasha
  1739 | D:2      | Reached skill level 5 in Axes
  2033 | D:3      | Found a glowing drain.
  2063 | Sewer    | Entered a sewer
  2133 | Sewer    | Reached XP level 6. HP: 45/53 MP: 6/6
  2626 | D:3      | Found a shadowy altar of Dithmenos.
  2661 | D:3      | Found a transporter.
  2673 | D:3      | Found a transporter.
  2690 | D:3      | Noticed ramireini's ghost (amateur HOBe)
  2860 | D:3      | Found a bloodstained altar of Trog.
  3043 | D:3      | Reached skill level 6 in Axes
  3053 | D:3      | Killed ramireini's ghost
  3415 | D:4      | Reached skill level 1 in Dodging
  3634 | D:4      | Found a staircase to the Ecumenical Temple.
  3642 | D:4      | Reached XP level 7. HP: 57/60 MP: 7/7
  3648 | Temple   | Entered the Ecumenical Temple
  3733 | Temple   | Became a worshipper of Warmaster Okawaru
  3801 | D:4      | Reached skill level 5 in Fighting
  3953 | D:4      | Reached skill level 7 in Axes
  4087 | D:4      | Found a sacrificial altar of Ru.
  4117 | D:4      | Found a shimmering altar of Xom.
  4416 | D:5      | Entered Level 5 of the Dungeon
  4561 | D:5      | You fall into a shaft and drop 3 floors!
  4572 | D:8      | Found a sacrificial altar of Ru.
  4599 | D:8      | Reached skill level 5 in Armour
  4694 | D:8      | Reached * piety under Okawaru
  4746 | D:8      | Got a bone dagger
  4884 | D:8      | Demolished by an orc warrior

Illustrated notes

Levels and vault maps discovered:
D:1:      dpeg_arrival_three_bigger_balls, layout_basic, minmay_split_cup_small
D:2:      minmay_razor_zed, layout_loops_ring, lemuel_round_altar, uniq_natasha
D:3:      layout_rooms, lemuel_round_altar, gup_sewer_entry_pipe,
          gammafunk_ghost_mausoleum, grunt_dithmenos_smoke
D:4:      layout_gridville, kennysheep_mini, minmay_temple_entry_water_ring,
          tgw_xom
D:5:      layout_rooms, lemuel_zombie_altar_yredelemnul,
          hangedman_abyss_or_decor_stagger, uniq_menkaure, uniq_edmund
D:8:      layout_rooms, enter_bailey_2, nicolae_ru_sacrificial_ziggurat
Temple:   compressed_dpeg_circular_temple

Skill      XL: |  1  2  3  4  5  6  7 |
---------------+----------------------+-----
Fighting       | 4 5 |  5.5
Axes           | 3 4 5 6 7 |  7.8
Armour         | 4 5 |  5.3
Shields        | 4 |  4.8
Dodging        | 1 |  1.4

Action                   |  1- 3 |  4- 6 |  7- 9 || total
-------------------------+-------+-------+-------++-------
Melee: War axe           |   109 |   234 |    88 ||   431
  Use: Scroll            |     1 |     3 |     1 ||     5
       Potion            |       |     1 |       ||     1
Armor: Scale mail        |    51 |    90 |    35 ||   176
Dodge: Dodged            |    25 |    66 |    26 ||   117
Block: Kite shield       |    57 |   120 |    47 ||   224
